 Dungeon Crawl Stone Soup version 0.32-a0-712-g515539a (webtiles) character file.

Game seed: 14113995130036779342

2 TheGoonsmith the Trooper (level 1, -1/14 HPs)
             Began as a Gargoyle Fighter on Mar 15, 2024.
             Frozen to death by an endoplasm (5 damage)
             ... on level 1 of the Dungeon.
             The game lasted 00:00:16 (58 turns).

TheGoonsmith the Trooper (Gargoyle Fighter)           Turns: 58, Time: 00:00:17

Health: -1/14      AC:  9    Str: 19    XL:     1   Next: 40%
Magic:  1/1        EV:  8    Int:  8    God:
Gold:   0          SH:  4    Dex:  9    Spells: 0/0 levels left

rFire   . . .        a - +0 flail
rCold   . . .        c - +0 buckler
rNeg    + . .        b - +0 scale mail
rPois   ∞            (no helmet)
rElec   +            (no cloak)
rCorr   .            (no gloves)
SInv    .            (no boots)
Will    .....        (no amulet) Stlth
                     (no ring)
HPRegen 0.22/turn    (no ring)
MPRegen 0.07/turn

%: no passive effects
@: no status effects
A: sickness immunity, AC +2, negative energy resistance 1, electricity
resistance, torment resistance 1, petrification resistance
a: no special abilities


You were on level 1 of the Dungeon.
You visited 1 branch of the dungeon, and saw 1 of its levels.

Inventory:

Hand Weapons
 a - a +0 flail (weapon)
Armour
 b - a +0 scale mail (worn)
 c - a +0 buckler (worn)
Potions
 d - a potion of might


   Skills:
 + Level 3.3 Fighting
 * Level 2.1 Maces & Flails
 + Level 3.3 Armour
 + Level 3.3 Shields


You couldn't memorise any spells.
You didn't know any spells.
Your spell library was empty.

Dungeon Overview and Level Annotations

Branches:
Dungeon (1/15)

Altars:


Innate Abilities, Weirdness & Mutations

You are immune to sickness and miasma.
Your stone body is resilient. (AC +2)
You are immune to poison.
You resist negative energy. (rN+)
You are resistant to electric shocks. (rElec)
You are resistant to unholy torment.
You are immune to petrification.


Message History

You closely miss the jackal.
The jackal is severely wounded.
The jackal barely misses you. The jackal bites you. x2
The jackal bites you but does no damage.
The jackal closely misses you.
You thump the jackal!
You kill the jackal!
The jackal bites you but does no damage.
The jackal misses you.
The jackal bites you but does no damage.
You hit the jackal.
The jackal is moderately wounded.
The jackal completely misses you. The jackal closely misses you.
The jackal barely misses you.
The jackal bites you but does no damage.
You closely miss the jackal.
The jackal is moderately wounded.
The jackal bites you. The jackal completely misses you.
The jackal bites you but does no damage. x2
You barely miss the jackal.
The jackal is moderately wounded.
The jackal bites you but does no damage. x3
The jackal bites you.
You hit the jackal.
You kill the jackal!
The bat hits you but does no damage. The jackal bites you.
The bat hits you but does no damage.
The jackal bites you but does no damage.
You closely miss the jackal. The bat hits you but does no damage.
The jackal bites you but does no damage.
You block the bat's attack.
You are too injured to fight recklessly!
You are too injured to fight recklessly!
You hit the jackal.
The jackal is lightly wounded.
The bat hits you but does no damage. The jackal bites you.
* * * LOW HITPOINT WARNING * * *
The endoplasm freezes you.
You are frozen.
You die...

#..#..# #..#..#...###.
#..#..# #..#..#......
#.....## ##.....#....###
##.....# #.....##......#
. #.....###.....#....#
....
##...........##....#.....
##....#<...##...........
###..######l...........
#........@Jh..####.....
#........bh#### .....
#..........# ....
#..........# ...
#..........# ...
############


You could see an endoplasm, 2 jackals, a bat and a frilled lizard.

Vanquished Creatures
  2 jackals (D:1)
2 creatures vanquished.

Notes
Turn   | Place    | Note
-------+----------+-------------------------------------------
     0 | D:1      | TheGoonsmith the Gargoyle Fighter began the quest for the
                  | Orb.
     0 | D:1      | Reached XP level 1. HP: 14/14 MP: 1/1
    58 | D:1      | Frozen to death by an endoplasm

Illustrated notes

Levels and vault maps discovered:
D:1:      minmay_arrival_loop, layout_rooms

Action                     || total
---------------------------++-------
  Melee: Flail             ||    11
 Armour: Scale mail        ||    31
  Dodge: Dodged            ||    18
  Block: Buckler           ||     4

Table legend: (Time is in decaauts)
 A = Elapsed time spent in this place.
 B = Non-inter-level travel time spent in this place.
 C = Inter-level travel time spent in this place.
 D = Time resting spent in this place.
 E = Time spent auto-exploring this place.
 F = Levels seen in this place.
 G = Mean time per level.
                   A        B        C        D        E       F      G
               +--------+--------+--------+--------+--------+-----+--------+
         Total |     61 |     61 |      0 |      0 |     38 |   1 |   61.0 |
       Dungeon |     61 |     61 |      0 |      0 |     38 |   1 |   61.0 |
               +--------+--------+--------+--------+--------+-----+--------+

Top non-repeatable levels by time:
     D:1: 61 daAuts
